Map: Deathaura LE

Players

INnoVation - Winner!

  • Race: Terran Terran
  • League: Grandmaster
  • Spawn Location: 5:00

SpeCial

  • Race: Terran Terran
  • League: Master
  • Spawn Location: 11:00

Event: DreamHack SC2 Masters 2020 Winter

VOD

Have the link to the VOD?

Description

Time

  • Played on: Nov. 11, 2020, 9:05 a.m.
  • Length: 15:12

All games in this series

Show
View Real Time Build Order
Export as new Build Order

INnoVation Terran - Winner!

Build Orders:  

Get SALT Encoding   

  12  0:00  SCV  
  13  0:12  SCV  
  14  0:16  Supply Depot  
  14  0:24  SCV  
  15  0:38  SCV, Barracks  
  16  0:43  Refinery  
  16  0:50  SCV  
  16  0:53  Refinery  
  17  1:02  SCV  
  18  1:14  SCV  
  19  1:25  Reaper  
  20  1:26  Orbital Command  
  20  1:28  Supply Depot  
  20  1:42  Factory  
  20  1:52  SCV  
  21  1:57  Reaper  
  22  2:04  SCV  
  23  2:16  SCV  
  24  2:23  Command Center  
  24  2:27  Hellion  
  26  2:30  Barracks Reactor  
  26  2:32  SCV  
  26  2:40  Supply Depot  
  26  2:44  SCV  
  27  2:51  Starport, Factory Tech Lab  
  27  2:56  SCV  
  28  3:08  SCV, Marine x2  
  28  3:12  Siege Tank  
  34  3:20  SCV  
  35  3:27  Refinery  
  35  3:28  Medivac  
  35  3:29  Marine x2  
  39  3:42  SCV, Orbital Command  
  39  3:47  Marine x2  
  42  3:55  SCV, Siege Tank  
  46  3:58  Starport Tech Lab  
  46  4:01  Supply Depot  
  46  4:07  SCV  
  46  4:08  SCV  
  48  4:10  Marine  
  48  4:13  Marine  
  50  4:19  Raven  
  50  4:20  SCV  
  50  4:22  SCV  
  54  4:30  Marine  
  54  4:31  Marine  
  56  4:35  SCV  
  56  4:36  SCV  
  56  4:43  Cyclone  
  55  4:48  SCV x2  
  55  4:52  Supply Depot  
  55  5:00  SCV x2  
  55  5:03  Raven, Marine x2  
  55  5:04  Command Center  
  61  5:13  SCV  
  61  5:14  SCV, Supply Depot  
  63  5:16  Siege Tank  
  66  5:23  Marine x2  
  66  5:25  SCV  
  66  5:26  SCV  
  70  5:37  SCV, Refinery  
  70  5:38  SCV, Supply Depot  
  72  5:51  Stimpack  
  72  5:52  SCV x2, Marine, Barracks  
  75  5:57  Starport Reactor, Barracks  
  75  6:00  Engineering Bay x2  
  75  6:04  SCV x2  
  75  6:08  Factory Reactor  
  77  6:11  Barracks  
  77  6:14  Marauder  
  77  6:15  Barracks  
  77  6:17  Orbital Command  
  77  6:18  SCV  
  80  6:19  SCV  
  81  6:27  Terran Infantry Weapons Level 1, Terran Infantry Armor Level 1  
  81  6:31  Supply Depot  
  81  6:33  SCV x2  
  81  6:34  Medivac  
  81  6:36  Medivac  
  81  6:39  Marauder  
  89  6:41  Marine x2  
  89  6:43  Orbital Command  
  91  6:47  Missile Turret  
  91  6:51  SCV x2  
  93  7:00  Barracks Reactor  
  92  7:03  SCV x2  
  92  7:07  Barracks Reactor  
  91  7:09  SCV  
  91  7:10  Marine  
  91  7:11  Marine x4  
  91  7:12  Medivac x2, Siege Tank  
  104  7:15  SCV  
  104  7:16  SCV  
  106  7:24  Supply Depot x2  
  106  7:30  SCV x2  
  106  7:31  SCV, Combat Shield  
  106  7:32  Armory  
  108  7:40  Marine  
  108  7:41  Marine x6  
  96  7:46  Siege Tank  
  96  7:48  SCV x3  
  96  7:50  Medivac  
  93  7:58  Marine x2  
  93  8:00  Marine x7  
  86  8:08  SCV x2  
  82  8:16  Marine x2  
  82  8:17  Marine  
  82  8:18  Marine x2  
  82  8:27  SCV  
  82  8:28  SCV, Marine x4  
  82  8:34  Medivac x2  
  82  8:39  Terran Infantry Weapons Level 2  
  87  8:41  SCV  
  87  8:42  Terran Infantry Armor Level 2  
  87  8:44  SCV  
  87  8:45  SCV  
  89  8:54  Siege Tank  
  89  8:55  Marine x3  
  95  8:57  Marine x2  
  95  8:59  SCV  
  95  9:00  SCV  
  95  9:01  SCV  
  99  9:07  Medivac  
  99  9:08  Marine x3  
  104  9:12  Medivac  
  104  9:13  SCV x3  
  104  9:15  Marine  
  110  9:20  Marine x3  
  104  9:27  Marine x4  
  104  9:29  Siege Tank  
  105  9:32  SCV  
  105  9:33  SCV x2  
  105  9:35  Marine  
  105  9:37  Marine  
  105  9:38  Marine  
  110  9:40  Refinery  
  110  9:41  Refinery  
  110  9:45  SCV x3  
  112  9:46  Factory  
  112  9:52  Terran Vehicle Weapons Level 1  
  112  9:53  Barracks Reactor  
  112  9:57  SCV x3, Supply Depot  
  112  9:59  Command Center  
  115  10:01  Supply Depot  
  115  10:03  Viking x2  
  119  10:09  SCV x3  
  122  10:21  SCV x3, Siege Tank  
  127  10:22  Supply Depot  
  127  10:24  Supply Depot, Marine  
  127  10:25  Marine x6  
  135  10:34  Siege Tank  
  135  10:35  SCV x3  
  141  10:36  Sensor Tower  
  141  10:46  Barracks Reactor  
  134  10:51  SCV x2  
  134  10:52  SCV  
  129  10:57  Starport Reactor  
  129  10:58  Barracks Reactor, Siege Tank  
  129  11:04  SCV x3  
  129  11:11  Siege Tank  
  134  11:12  Planetary Fortress, Sensor Tower  
  134  11:16  SCV x3, Marine x3  
  134  11:17  Marine  
  134  11:18  Marine  
  141  11:19  Marine  
  143  11:27  Refinery x2  
  143  11:32  Terran Infantry Weapons Level 3, Marine x2  
  144  11:33  Marine  
  144  11:34  Marine x3  
  144  11:35  Marine  
  144  11:36  Marine  
  144  11:37  Marine  
  144  11:38  SCV x2  
  150  11:41  Siege Tank  
  150  11:42  Marine  
  154  11:47  Viking  
  154  11:48  Viking  
  154  11:50  Marine x2  
  154  11:51  Marine  
  154  11:52  Marine x2  
  163  11:56  Marine x4  
  163  11:59  Marine  
  161  12:03  Terran Infantry Armor Level 3  
  161  12:06  SCV x3  
  161  12:08  Marine x2  
  155  12:09  Marine x2  
  155  12:10  Marine  
  155  12:14  Marine x4  
  160  12:17  Marine  
  160  12:21  Sensor Tower  
  153  12:24  Medivac x2  
  153  12:25  Marine  
  153  12:26  Marine  
  153  12:27  Marine x3  
  156  12:39  Siege Tank  
  156  12:40  Siege Tank  
  156  12:43  Marine x2  
  156  12:44  Marine x4  
  168  12:49  Marine  
  168  12:50  Marine x3  
  145  12:58  Medivac  
  145  12:59  Medivac  
  145  13:01  Marine x4  
  145  13:02  Marine  
  145  13:04  SCV x2  
  151  13:08  Marine x2  
  151  13:09  Barracks Reactor  
  151  13:11  SCV  
  154  13:17  Siege Tank  
  154  13:18  Marine, Starport  
  154  13:19  Marine x5, Starport  
  162  13:25  Marine  
  162  13:26  Siege Tank  
  166  13:28  Marine  
  166  13:30  Medivac x2  
  166  13:33  Command Center  
  171  13:36  Marine  
  171  13:37  Supply Depot, Marine  
  171  13:39  Supply Depot  
  173  13:46  Marine x7  
  180  13:56  Marine x3  
  159  14:04  Marine x7  
  159  14:06  Viking x2, Starport Tech Lab  
  159  14:07  Starport Tech Lab  
  170  14:14  Marine x3  
  170  14:15  Siege Tank x2  
  179  14:22  Marine x7  
  183  14:27  Raven  
  183  14:28  Raven  
  187  14:31  Marine  
  187  14:32  Marine x2  
  187  14:36  Viking x2  
  194  14:39  Marine  
  194  14:40  Marine x4  
  194  14:42  Marine x2  
  192  14:49  Marine  
  192  14:50  Marine x2  
  192  14:52  Sensor Tower  
Show
View Real Time Build Order
Export as new Build Order

SpeCial Terran 

Build Orders:  

Get SALT Encoding   

  12  0:00  SCV  
  13  0:12  SCV  
  14  0:16  Supply Depot  
  14  0:24  SCV  
  15  0:38  SCV  
  15  0:39  Barracks  
  16  0:43  Refinery  
  16  0:50  SCV  
  16  0:52  Refinery  
  17  1:02  SCV  
  18  1:05  Supply Depot  
  18  1:14  SCV  
  19  1:26  Reaper, Orbital Command  
  20  1:41  Factory  
  20  1:52  SCV  
  21  1:58  Reaper  
  22  2:04  SCV  
  23  2:16  SCV  
  23  2:17  Command Center  
  24  2:26  Hellion  
  24  2:28  SCV  
  26  2:32  Reaper  
  27  2:41  SCV, Supply Depot  
  28  2:47  Hellion  
  28  2:50  Starport  
  30  2:54  SCV  
  30  3:06  SCV, Reaper  
  30  3:11  Factory Tech Lab  
  32  3:18  SCV  
  33  3:27  Starport Tech Lab  
  33  3:29  Cyclone  
  33  3:30  Refinery  
  33  3:32  SCV  
  37  3:41  Barracks Reactor  
  37  3:44  Orbital Command  
  37  3:45  SCV  
  37  3:47  Banshee  
  41  3:55  Supply Depot  
  41  3:59  SCV  
  41  4:01  Cyclone  
  45  4:11  SCV x2  
  47  4:21  Command Center  
  47  4:25  Marine  
  47  4:26  Marine  
  48  4:32  Raven  
  49  4:41  SCV  
  49  4:43  Marine  
  49  4:44  Marine  
  49  4:45  Siege Tank  
  52  4:50  SCV  
  53  4:53  SCV  
  54  5:01  Marine  
  54  5:02  SCV, Marine  
  54  5:05  SCV  
  58  5:07  Supply Depot  
  58  5:14  SCV  
  58  5:17  SCV  
  58  5:19  Marine x2  
  62  5:29  SCV x2, Raven  
  62  5:33  Siege Tank  
  62  5:34  Supply Depot  
  69  5:37  Marine x2  
  69  5:41  SCV  
  70  5:46  Supply Depot  
  70  5:54  SCV x2, Orbital Command  
  72  5:57  Supply Depot  
  72  6:05  Siege Tank  
  72  6:06  SCV x2  
  77  6:12  Orbital Command  
  77  6:17  Refinery  
  77  6:18  SCV x2, Supply Depot  
  79  6:19  Marine  
  79  6:20  Stimpack  
  79  6:22  Viking x2  
  84  6:30  SCV  
  85  6:34  SCV  
  85  6:37  Marine, Siege Tank  
  85  6:39  SCV  
  91  6:40  Supply Depot, Barracks  
  91  6:42  Barracks  
  91  6:52  SCV  
  92  6:55  Marine  
  92  6:57  Viking x2  
  92  6:59  SCV x2  
  99  7:08  SCV  
  100  7:11  Siege Tank  
  100  7:13  Marine  
  100  7:15  Supply Depot  
  104  7:18  Engineering Bay x2  
  104  7:24  SCV x2  
  104  7:25  SCV  
  104  7:27  Viking x2  
  111  7:31  Barracks Reactor x2  
  111  7:35  Marine  
  111  7:36  SCV  
  113  7:43  Siege Tank  
  108  7:45  SCV  
  108  7:49  SCV  
  100  7:53  Marine  
  100  7:56  Barracks  
  95  7:58  Barracks  
  86  8:06  Viking x2  
  86  8:09  Marine x3  
  86  8:10  Marine  
  86  8:11  Marine  
  89  8:13  Combat Shield  
  89  8:14  SCV x2  
  89  8:15  SCV, Siege Tank  
  95  8:26  SCV  
  95  8:27  SCV x2, Marine x4  
  95  8:28  Marine  
  95  8:32  Refinery  
  95  8:33  Terran Infantry Weapons Level 1  
  84  8:34  Terran Infantry Armor Level 1  
  84  8:39  SCV x3  
  85  8:42  Sensor Tower  
  85  8:45  Viking, Marine x3  
  90  8:49  Marine  
  90  8:53  Barracks Reactor, Missile Turret  
  90  8:54  SCV x2, Missile Turret  
  90  8:55  SCV  
  94  8:57  Viking  
  96  9:03  Marine x3  
  96  9:04  Barracks Reactor  
  96  9:07  SCV  
  96  9:08  SCV x2  
  96  9:09  Refinery, Marine  
  102  9:10  Marine  
  104  9:20  Medivac  
  104  9:21  Marine x2  
  107  9:26  Marine  
  107  9:27  Medivac, Marine  
  107  9:30  Marine x3  
  104  9:39  SCV x2, Marine x2  
  104  9:43  Marine x2  
  104  9:44  Missile Turret, Marine  
  104  9:45  Marine, Siege Tank  
  111  9:48  Marine x2  
  111  9:50  Medivac  
  119  9:53  Command Center  
  119  9:54  Marine  
  119  9:57  Medivac, Marine x2  
  119  9:58  Supply Depot  
  124  10:01  Marine x2  
  124  10:02  Marine  
  124  10:05  Marine  
  124  10:06  Marine x2  
  130  10:10  Armory  
  130  10:16  Marine x2  
  130  10:17  Factory  
  130  10:19  Marine x2  
  130  10:20  Barracks Reactor, Marine  
  135  10:22  Supply Depot  
  135  10:23  Supply Depot  
  135  10:26  Siege Tank  
  135  10:27  Marine x3  
  141  10:36  Supply Depot  
  141  10:44  Marine x5  
  140  10:50  Marine x2  
  140  10:51  Medivac x2  
  146  10:57  Marine  
  146  10:58  Marine x2, Siege Tank  
  146  10:59  Terran Infantry Weapons Level 2  
  146  11:01  Marine x3  
  151  11:04  Marine  
  151  11:06  Marine  
  151  11:08  Marine  
  151  11:10  Marine  
  153  11:15  Marine x3, Siege Tank  
  158  11:19  Marine  
  158  11:23  Marine x3  
  158  11:24  Marine  
  163  11:26  Marine  
  163  11:28  Marine  
  163  11:30  Siege Tank  
  163  11:31  Medivac  
  170  11:33  Marine  
  170  11:36  Medivac  
  173  11:41  Marine  
  173  11:44  Marine  
  175  11:47  Siege Tank  
  175  11:48  Marine x2  
  180  11:55  Marine x4  
  163  12:01  Marine x3  
  163  12:02  SCV x2, Siege Tank  
  163  12:03  Marine  
  163  12:06  Orbital Command, Marine x2  
  152  12:13  Marine x2  
  152  12:14  SCV x2  
  143  12:25  Planetary Fortress  
  143  12:26  SCV x2  
  145  12:31  SCV, Siege Tank  
  145  12:36  Marine, Sensor Tower  
  145  12:37  Marine x2  
  150  12:38  SCV x2, Missile Turret  
  150  12:43  SCV, Terran Infantry Armor Level 2  
  155  12:50  SCV  
  155  12:51  SCV, Marine x2  
  157  12:55  SCV, Marine  
  108  12:59  Marine  
  108  13:01  Marine x2  
  108  13:03  SCV  
  107  13:07  Marine x2, Siege Tank  
  107  13:09  Medivac x2  
  107  13:12  Marine x4, Sensor Tower  
  112  13:13  Marine  
  112  13:17  Marine  
  112  13:19  Refinery, Marine  
  115  13:22  Marine  
  115  13:25  Marine x2  
  115  13:26  SCV x3  
  121  13:29  Marine  
  121  13:30  Marine x2  
  121  13:32  Marine  
  121  13:34  Marine  
  125  13:35  Marine  
  125  13:36  Marine  
  125  13:38  Siege Tank  
  125  13:40  Marine  
  125  13:41  Siege Tank  
  135  13:43  Marine  
  135  13:44  Liberator  
  135  13:47  Liberator  
  142  13:48  Marine x2  
  143  13:56  Marine  
  143  13:59  Marine  
  143  14:00  Marine  
  143  14:01  Marine x2  
  122  14:05  Marine x3  
  122  14:06  SCV  
  122  14:07  Marine x2  
  125  14:10  Siege Tank  
  125  14:13  Siege Tank  
  125  14:14  Marine  
  128  14:17  Marine x2  
  128  14:18  Marine  
  128  14:19  Marine  
  128  14:22  Marine  
  128  14:23  Marine x2  
  131  14:25  Marine x2  
  133  14:32  Marine  
  133  14:35  Marine x2  
  133  14:36  Marine x2  
  138  14:40  Marine  
  138  14:41  Marine x2  
  138  14:43  Marine x2  
  143  14:49  Marine  
  144  14:53  Marine x2  
  144  14:54  Marine x2  
Tags
 
Add a new tag
Caveats
  • Supply blocks, unpowered buildings, or Contaminate may cause inaccurate times.
  • Supply counts are checked every 10 seconds.